 Dungeon Crawl Stone Soup version bcrawl-1.40.3b (webtiles) character file.

Game seed: 13808474044528778217

169580 rumpelstilzz the Cudgeler (level 6, -1/59 HPs)
             Began as a Troll Warper on Feb 13, 2024.
             Slain by a kobold brigand
             ... wielding a +0 trident
              (5 damage)
             ... on level 5 of the Dungeon.
             The game lasted 00:07:20 (3141 turns).

rumpelstilzz the Cudgeler (Troll Warper)            Turns: 3141, Time: 00:07:20

Health: -1/59      AC:  8    Str: 20    XL:     6   Next: 16%
Magic:  7/7        EV: 10    Int: 11    God:
Gold:   74         SH:  0    Dex: 10    Spells: 8/8 levels left

rFire    . . .     GDR:     26% a - +1 flail
rCold    . . .     SeeInvis .   (no shield)
rNeg     + . .     Gourm    +   (armour unavailable)
rPois    .         Faith    .   B - +2 hat
rElec    .         Spirit   .   (no cloak)
rCorr    .         Reflect  .   (gloves unavailable)
MR       .....                  (boots unavailable)
Stlth    +.........             w - amulet of rage
HPRegen  0.59/turn              A - ring of positive energy
MPRegen  0.10/turn              (no ring)

@: lethally poisoned (-1 -> -6)
A: large, almost no armour, claws 3, fast metabolism 3, gourmand, regeneration
1, AC +6
a: Evoke Berserk Rage


You were on level 5 of the Dungeon.
You were full.

You visited 1 branch of the dungeon, and saw 5 of its levels.

You collected 221 gold pieces.
You spent 147 gold pieces at shops.

Inventory:

Hand Weapons
 a - a +1 flail (weapon)
Missiles
 d - 80 large rocks (quivered)
 f - 2 throwing nets {=f}
 l - 862 stones
 v - 134 poisoned tomahawks
Armour
 B - a +2 hat (worn)
Jewellery
 w - an amulet of rage (around neck)
 A - a ring of positive energy (left claw)
Wands
 y - a wand of flame (18)
Scrolls
 b - a scroll of remove curse
 c - a scroll of blinking
 h - a scroll of enchant weapon
 i - 3 scrolls of identify
 k - a scroll of amnesia
 s - a scroll of teleportation
 x - a scroll of immolation
Potions
 g - a potion of agility {unknown}
 n - a potion of degeneration {unknown}
 o - 2 potions of invisibility {unknown}
 p - a potion of heal wounds {unknown}
 q - 3 potions of curing {unknown}
 r - a potion of flight {unknown}
Comestibles
 e - 14 rations {!d}


   Skills:
 + Level 2.4 Fighting
 + Level 3.4 Maces & Flails
 + Level 2.6 Throwing
 + Level 2.9 Dodging
 + Level 0.4 Stealth
 + Level 1.6 Spellcasting
   Level 2.5 Translocations


You had 8 spell levels left.
You didn't know any spells.
Your spell library contained the following spells:

 Spells                   Type           Power        Failure   Level  Hunger
 Apportation              Tloc           #.....       11%         1    None
 Blink Other              Tloc           #.....       11%         1    None
 Blink                    Tloc           N/A          16%         2    ###....
 Necrotize                Necr           #.....       30%         1    None
 Portal Projectile        Tloc           #.....       32%         3    #####..
 Teleport Other           Tloc           #.......     32%         3    #####..
 Vampiric Draining        Necr           #.........   67%         3    #####..
 Passage of Golubria      Tloc           N/A          96%         5    #######
 Agony                    Necr           #.......     97%         4    ######.
 Animate Dead             Necr           N/A          97%         4    ######.
 Dispel Undead            Necr           #.......     100%        5    #######


Dungeon Overview and Level Annotations

Branches:
Dungeon (5/12)             Temple (0/1) D:5

Altars:
Cheibriados
Gozag
Lugonu
Nemelex Xobeh
Ru
Yredelemnul
Zin

Shops:
D:5 [


Innate Abilities, Weirdness & Mutations

You cannot wear most types of armour.
Your thick skin is tough. (AC +6)
You are too large for most types of armour.
You have claws for hands.
Your metabolism is lightning-fast.
You like to eat raw meat.
Your natural rate of healing is unusually fast.


Message History

You barely miss the worker ant.
The worker ant is severely wounded.
You feel sick.
A kobold comes into view. It is quivering 42 poisoned needles.
The centaur closely misses you.
The kobold brigand hits you from afar with a +0 trident.
* * * LOW HITPOINT WARNING * * *
The worker ant bites you.
* * * LOW HITPOINT WARNING * * *
The howler monkey hits you but does no damage.
A kobold comes into view.
The centaur hits you but does no damage.
The kobold shouts!
You sock the worker ant!
You kill the worker ant!
* * * LOW HITPOINT WARNING * * *
You feel sick.
The howler monkey hoots and howls with incredible vigour!
The kobold brigand hits you from afar with a +0 trident.
You die...

#.##(#..##.##/.,,,,,,,**,
#.....!.......#***,,*,**,
####.......#### **,**,**,
####..####.####**,,,,,,,,
####.......#####,****,***
####....##.##...#* **,***
#####>#.##......###*,,,,,
#####.#.#hK.<.....#*,,***
#####...@cKK....#.#*,,***
#######Z##K.....#,**,,,**
######..##......#,**,*,**
####....##...K..#,**,,,,,
####.#####......#,****,**
###..#####.......,* *,* *
#.#,***##.#.###.## *,* *
.#*,,,,..,,** *#.####.# *
*****#..,* #......#


You could see a kobold brigand, a centaur, a howler monkey, 4 kobolds and a
bullfrog skeleton.

Vanquished Creatures
  2 orc priests (D:3)
  A bullfrog skeleton (D:3)
  3 worker ants (D:5)
  5 adders
  2 oozes
  An adder skeleton (D:4)
  5 worms
  4 dart slugs
  3 leopard geckos (D:1)
  9 orcs
  5 bats
  5 giant cockroaches
  3 goblins
  9 hobgoblins
  2 kobolds
  A quokka (D:3)
  2 ball pythons
  4 frilled lizards
  9 rats
75 creatures vanquished.

Notes
Turn   | Place    | Note
-------+----------+-------------------------------------------
     0 | D:1      | rumpelstilzz the Troll Warper began the quest for the Orb.
     0 | D:1      | Reached XP level 1. HP: 19/19 MP: 2/2
   247 | D:1      | Reached XP level 2. HP: 26/27 MP: 3/3
   936 | D:1      | Reached XP level 3. HP: 35/35 MP: 4/4
  1057 | D:2      | Reached skill level 1 in Maces & Flails
  1339 | D:2      | Found a corrupted altar of Lugonu.
  1879 | D:3      | Gained mutation: Your natural rate of healing is unusually
                  | fast. [Troll growth]
  1879 | D:3      | Reached XP level 4. HP: 12/42 MP: 5/5
  1882 | D:3      | Reached skill level 2 in Maces & Flails
  2039 | D:3      | Reached XP level 5. HP: 49/49 MP: 6/6
  2160 | D:3      | Found a glowing silver altar of Zin.
  2714 | D:4      | Found an opulent altar of Gozag.
  2715 | D:4      | Found a sparkling altar of Nemelex Xobeh.
  2776 | D:4      | Reached skill level 3 in Maces & Flails
  2936 | D:4      | Found a basalt altar of Yredelemnul.
  2936 | D:4      | Found a sacrificial altar of Ru.
  2936 | D:4      | Found a snail-covered altar of Cheibriados.
  3090 | D:5      | Entered Level 5 of the Dungeon
  3090 | D:5      | Found Vaumn's Antique Armour Shop.
  3099 | D:5      | Bought an embroidered hat for 147 gold pieces
  3126 | D:5      | Reached XP level 6. HP: 53/59 MP: 7/7
  3141 | D:5      | Slain by a kobold brigand

Skill      XL: |  1  2  3  4  5 |
---------------+----------------+-----
Maces & Flails | 1 2 3 |  3.4
Dodging        | 2 |  2.9
Fighting       | 2 |  2.4
Throwing       | 2 |  2.6
Stealth        | |  0.4
Spellcasting   | |  1.6
Translocations | |  2.5

Action                   |  1- 3 |  4- 6 || total
-------------------------+-------+-------++-------
Melee: Club              |   179 |     3 ||   182
       Dagger            |     6 |       ||     6
       Flail             |       |   143 ||   143
Throw: Large rock        |    12 |     8 ||    20
  Use: Scroll            |       |    11 ||    11
 Stab: Sleeping          |     1 |     2 ||     3
  Eat: Chunk             |    22 |    11 ||    33
Armor: Skin              |    87 |    79 ||   166
Dodge: Dodged            |   118 |   114 ||   232
